 Dungeon Crawl Stone Soup version 0.29.0-7-g18a832c13a (webtiles) character file.

Game seed: 13637710371007407726

551 SensoryNuts the Slasher (level 7, 0/54 HPs)
             Began as a Demonspawn Fighter on Sept 1, 2022.
             Slain by an orc priest
             ... wielding a +0 trident
              (6 damage)
             ... on level 4 of the Dungeon.
             The game lasted 00:05:12 (5182 turns).

SensoryNuts the Slasher (Demonspawn Fighter)        Turns: 5182, Time: 00:05:12

Health: 0/54       AC: 12    Str: 16    XL:     7   Next: 7%
Magic:  7/7        EV:  9    Int:  9    God:
Gold:   919        SH: 10    Dex: 15    Spells: 6/6 levels left

rFire   . . .      SeeInvis .   a - +4 long sword
rCold   . . .      Faith    .   c - +1 buckler
rNeg    . . .      Spirit   .   b - +0 scale mail
rPois   .          Reflect  .   (no helmet)
rElec   .          Harm     .   (no cloak)
rCorr   .          Rampage  .   (no gloves)
Will    .....                   (no boots)
Stlth   ..........              (no amulet)
HPRegen 0.18/turn               (no ring)
MPRegen 0.10/turn               (no ring)

@: no status effects
A: slimy green scales 1, icemail 1, condensation shield
a: no special abilities


You were on level 4 of the Dungeon.
You visited 2 branches of the dungeon, and saw 5 of its levels.

You collected 919 gold pieces.

Inventory:

Hand Weapons
 a - a +4 long sword (weapon)
Missiles
 r - a throwing net (quivered)
Armour
 b - a +0 scale mail (worn)
 c - a +1 buckler (worn)
Jewellery
 e - a ring of see invisible
 i - a ring of fire
Scrolls
 g - a scroll of identify
 h - 3 scrolls of butterflies
 j - 3 scrolls of teleportation
 p - a scroll of noise
 q - a scroll of enchant armour
 s - 2 scrolls of enchant weapon
Potions
 d - a potion of might
 f - 2 potions of mutation
 k - a potion of heal wounds
 l - 4 potions of curing
 m - a potion of flight
 n - a potion of ambrosia
 o - a potion of brilliance


   Skills:
 + Level 4.0 Fighting
 * Level 5.6 Long Blades
 + Level 3.5 Armour
 + Level 1.1 Dodging
 + Level 0.1 Stealth
 + Level 3.2 Shields


You had 6 spell levels left.
You didn't know any spells.
Your spell library contained the following spells:

 Spells                   Type           Power      Damage    Failure   Level
 Necrotise                Necr           0%         1d4       88%         1
 Poisonous Vapours        Pois/Air       0%         N/A       96%         2
 Vampiric Draining        Necr           0%         2d6       99%         3
 Corpse Rot               Necr/Pois/Air  0%         N/A       100%        4
 Agony                    Necr           0%         N/A       100%        5


Dungeon Overview and Level Annotations

Branches:
Dungeon (4/15)             Temple (1/1) D:4

Altars:
Ashenzari
Cheibriados
Dithmenos
Fedhas
Makhleb
Nemelex Xobeh
Qazlal
Sif Muna
Uskayaw
Vehumet
Wu Jian


Innate Abilities, Weirdness & Mutations

You are partially covered in slimy green scales. (AC +2)
A meltable icy envelope protects you from harm. (AC +4)
A meltable shield of frost defends you. (SH +4)


Message History

The orc hits you with a +0 dagger. The orc priest completely misses you.
The orc closely misses you.
You swing at nothing.
The orc priest begins to cast a cantrip, but forgets the words!
The orc hits you with a +0 dagger.
You swing at nothing.
The orc priest hits you from afar with a +0 trident!
You block the orc's attack.
You swing at nothing.
The orc priest looks satisfied for a moment.
The orc closely misses you.
You swing at nothing.
The orc priest hits you but does no damage.
You block the orc's attack.
You swing at nothing.
You block the orc priest's attack. The orc hits you but does no damage.
You swing at nothing.
The orc priest hits you from afar with a +0 trident.
You block the orc's attack.
You swing at nothing.
You block the orc priest's attack. The orc barely misses you.
You swing at nothing.
The orc priest barely misses you. You block the orc's attack.
The orc priest barely misses you. The orc barely misses you.
You swing at nothing.
The orc priest hits you from afar with a +0 trident.
You block the orc's attack.
You swing at nothing.
You block the orc priest's attack. You block the orc's attack.
You swing at nothing.
The orc priest hits you but does no damage.
The orc hits you but does no damage.
You swing at nothing.
The orc priest invokes the aid of Beogh against you.
Beogh smites you!
* * * LOW HITPOINT WARNING * * *
The orc hits you but does no damage.
You swing at nothing.
The orc priest hits you from afar with a +0 trident.
You die...

.......#.#.##.#
.#...#.#.#.##.#
.#.#.#.#.#.##.####
...#.#.#.#.##....#
.###.#...#.##.##.##
## #.#####.#####..#
#......##.$$##.#
########.8.8o#.#
#_$oo)@.# #$8$8.###
##$$.# ####
#############.#
..........†...#
###.###########
.##.# ....##


You could see an orc priest and 2 orcs.

Vanquished Creatures
  3 scorpions (D:4)
  A hound (D:4)
  3 orc priests
  A jelly (D:4)
  An iguana (D:4)
  2 orc wizards
  2 gnolls (D:1)
  4 adders (D:2)
  A worm (D:4)
  A dart slug (D:4)
  8 orcs (D:3)
  3 bats
  6 endoplasms
  5 giant cockroaches
  12 hobgoblins
  7 quokkas
  7 ball pythons
  4 frilled lizards
  6 goblins
  7 kobolds
  7 rats
91 creatures vanquished.

Vanquished Creatures (others)
  2 plants (D:3)
2 creatures vanquished.

Grand Total: 93 creatures vanquished

Notes
Turn   | Place    | Note
-------+----------+-------------------------------------------
     0 | D:1      | SensoryNuts the Demonspawn Fighter began the quest for the
                  | Orb.
     0 | D:1      | Reached XP level 1. HP: 18/18 MP: 1/1
    27 | D:1      | Reached skill level 2 in Long Blades
    27 | D:1      | Gained mutation: A meltable shield of frost defends you.
                  | (SH +4) [demonic ancestry]
    27 | D:1      | Reached XP level 2. HP: 12/24 MP: 2/2
   702 | D:1      | Gained mutation: A meltable icy envelope protects you from
                  | harm. (AC +4) [demonic ancestry]
   702 | D:1      | Reached XP level 3. HP: 26/29 MP: 3/3
  1469 | D:2      | Reached skill level 3 in Long Blades
  1518 | D:2      | Reached XP level 4. HP: 33/35 MP: 4/4
  2091 | D:2      | Found a faded altar of an unknown god.
  2430 | D:3      | Reached XP level 5. HP: 41/41 MP: 5/5
  2447 | D:3      | Reached skill level 4 in Long Blades
  2619 | D:3      | Found a hide-covered altar of Uskayaw.
  2772 | D:3      | Found a sparkling altar of Nemelex Xobeh.
  3348 | D:3      | Identified a scroll of acquirement
  3348 | D:3      | Acquired 729 gold pieces
  3649 | D:4      | Found a shadowy altar of Dithmenos.
  3711 | D:4      | Gained mutation: You are partially covered in slimy green
                  | scales. (AC +2) [demonic ancestry]
  3711 | D:4      | Reached XP level 6. HP: 40/47 MP: 6/6
  3906 | D:4      | Reached skill level 5 in Long Blades
  4085 | D:4      | Found a staircase to the Ecumenical Temple.
  4305 | Temple   | Entered the Ecumenical Temple
  5160 | D:4      | Reached XP level 7. HP: 53/54 MP: 7/7
  5168 | D:4      | Reached skill level 1 in Dodging
  5182 | D:4      | Slain by an orc priest

Illustrated notes

Levels and vault maps discovered:
D:1:      heliophobic_arrival_enchanted_forest, layout_basic,
          hangedman_decor_points, chequers_serial_rivers_room_a, minivault_24,
          minmay_octomino_j4
D:2:      layout_rooms, nicolae_ecumenical_lake_church
D:3:      layout_basic, mainiacjoe_overflow_24_doors, lemuel_tele_altar,
          mainiacjoe_overflow_boulevard, chequers_avenue, minivault_24
D:4:      layout_basic, amcnicky_altar_gilded, nicolae_dithmenos_shadow_blocks,
          minmay_temple_entry_waves, kennysheep_orc_chapel
Temple:   hellmonk_temple_rainy

Skill      XL: |  1  2  3  4  5  6  7 |
---------------+----------------------+-----
Long Blades    | 2 3 4 5 |  5.6
Armour         | 3 |  3.5
Shields        | 3 |  3.2
Fighting       | 4 |  4.0
Dodging        | 1 |  1.1
Stealth        | |  0.1

Action                   |  1- 3 |  4- 6 |  7- 9 || total
-------------------------+-------+-------+-------++-------
Melee: Long sword        |   101 |   176 |     8 ||   285
  Use: Scroll            |     5 |    13 |       ||    18
       Potion            |       |     1 |       ||     1
Armor: Scale mail        |    45 |    81 |    17 ||   143
Dodge: Dodged            |    35 |    63 |    10 ||   108
Block: Buckler           |    47 |   102 |    14 ||   163
